 Dungeon Crawl Stone Soup version 0.29-a0-857-g9b1aa3ac5b (webtiles) character file.

Game seed: 11940400787159232445

188 mcwallace the Chiller (level 5, -2/26 HPs)
             Began as a Vine Stalker Ice Elementalist on July 16, 2022.
             Slain by Grinder (8 damage)
             ... on level 3 of the Dungeon.
             The game lasted 00:05:39 (2808 turns).

mcwallace the Chiller (VSIE)                        Turns: 2808, Time: 00:05:39

Health: -2/26      AC:  2    Str: 10    XL:     5   Next: 67%
Magic:  0/11       EV: 12    Int: 17    God:
Gold:   142        SH:  0    Dex: 15    Spells: 6/10 levels left

rFire   . . .      SeeInvis .   B - +1 spear (venom) {polearm}
rCold   . . .      Faith    .   (no shield)
rNeg    . . .      Spirit   +   a - +0 robe
rPois   .          Reflect  .   (no helmet)
rElec   .          Harm     .   (no cloak)
rCorr   .          Rampage  .   (no gloves)
Will    .....                   (no boots)
Stlth   ++........              (no amulet)
HPRegen 0.88/turn               (no ring)
MPRegen 0.12/turn               (no ring)

@: freezing walls
A: fangs 2, regeneration 1, magic shield, antimagic bite, no potion heal 2
a: no special abilities


You were on level 3 of the Dungeon.
You visited 1 branch of the dungeon, and saw 3 of its levels.

You collected 142 gold pieces.


Innate Abilities, Weirdness & Mutations

You have extremely sharp teeth.
Your natural rate of healing is unusually fast.
When hurt, damage is shared between your health and your magic reserves.
Your bite disrupts and absorbs the magic of your enemies.
Potions cannot restore your health.


   Skills:
 + Level 2.2 Fighting
 + Level 2.6 Dodging
 - Level 2.4 Stealth
 + Level 3.3 Spellcasting
 + Level 4.8 Ice Magic


You had 6 spell levels left.
You knew the following spells:

 Your Spells              Type           Power      Damage    Failure   Level
a - Freeze                Ice            76%        1d9       2%          1
b - Frozen Ramparts       Ice            38%        1d5       7%          3

Your spell library contained the following spells:

 Spells                   Type           Power      Damage    Failure   Level
 Ozocubu's Armour         Ice            19%        N/A       7%          3
 Gell's Gravitas          Tloc           2%         N/A       45%         3
 Teleport Other           Tloc           2%         N/A       45%         3
 Hailstorm                Conj/Ice       11%        3d5       52%         4
 Dispersal                Tloc           1%         N/A       100%        6

Inventory:

Hand Weapons
 f - a +0 short sword {short}
   (You took it off a kobold on level 1 of the Dungeon)
 h - a +2 short sword of draining {short}
   (You took it off a kobold on level 1 of the Dungeon)
 B - a +1 spear of venom (weapon) {polearm}
   (You took it off a gnoll on level 3 of the Dungeon)
Missiles
 c - 19 stones {throwing}
 x - 4 boomerangs {throwing}
Armour
 a - a +0 robe (worn)
 d - an orb of wrath
   (You found it on level 1 of the Dungeon)
 e - a +0 ring mail
   (You found it on level 1 of the Dungeon)
 o - a +0 chain mail
   (You found it on level 2 of the Dungeon)
 q - a +0 ring mail
   (You found it on level 2 of the Dungeon)
 t - a +0 plate armour
   (You found it on level 2 of the Dungeon)
 u - a +0 chain mail
   (You found it on level 2 of the Dungeon)
 v - a +0 leather armour
   (You took it off an orc priest on level 2 of the Dungeon)
 w - a +0 robe
   (You took it off an orc wizard on level 2 of the Dungeon)
 C - a +0 leather armour
   (You found it on level 3 of the Dungeon)
Magical Staves
 E - a staff of conjuration {!a@e2staff}
   (You found it on level 3 of the Dungeon)
Scrolls
 i - a scroll of immolation {unknown}
 k - a scroll of identify {unknown}
 l - 2 scrolls of fog {unknown}
 n - 2 scrolls of magic mapping {unknown}
 p - 2 scrolls of teleportation {unknown}
 y - a scroll of noise {unknown}
 A - a scroll of poison {unknown}
 D - 3 scrolls of blinking {unknown}
Potions
 b - a potion of magic
 g - 3 potions of curing {unknown}
 j - 3 potions of heal wounds {unknown}
 m - a potion of attraction {unknown}
 r - a potion of lignification {unknown}
 s - 2 potions of might {unknown}
 z - a potion of brilliance {unknown}

Dungeon Overview and Level Annotations

Branches:
Dungeon (3/15) Zot: 15160

Altars:
Nemelex Xobeh
Xom

Annotations:
D:3 1 runed translucent door, Crazy Yiuf, Grinder

#g #.##### #########.#...#
..........#.#.##############
#...........................
#......=....#.###.#######...
>........[...........###...
....$..#..5..#.####......รท.
. #.#....#@#.#....#........
....#...^#.#.####.#.....#..
#......).#.. #.......#..
#.#.######### ###.....#.. #
#. #........ .5 #......8.
... #........ #... #.....#.#
#... #####....


You could see Grinder (extremely poisoned).


Message History

You lost 3 mp, and now have 8/11 mp.
Reach: B) +1 spear (venom) {polearm}
Press: ? - help, Dir - move target, f - Grinder
Aim: Grinder (about 40% to evade your +1 spear of venom)
You reach to attack!
You completely miss Grinder.
Grinder completely resists.
The wall freezes Grinder but does no damage.
Reach: B) +1 spear (venom) {polearm}
Press: ? - help, Dir - move target, f/p - Grinder
Aim: Grinder (about 40% to evade your +1 spear of venom)
You barely miss Grinder. Your bite misses Grinder.
Grinder completely resists.
The wall freezes Grinder but does no damage.
Grinder hits you but does no damage.
Reach: B) +1 spear (venom) {polearm}
Press: ? - help, Dir - move target, f/p - Grinder
Aim: Grinder (about 40% to evade your +1 spear of venom)
You closely miss Grinder. You bite Grinder.
Grinder's magic leaks into the air.
You drain her magic.
You feel invigorated.
Grinder's magic is no longer disrupted.
The wall freezes the frilled lizard.
You kill the frilled lizard!
Grinder resists.
The wall freezes Grinder.
Grinder hits you.
You writhe in agony. ๐Ÿ˜• HP[-3] MP[+1]
You take 3 damage, and now have 23/26 hp.
Reach: B) +1 spear (venom) {polearm}
Press: ? - help, Dir - move target, f/p - Grinder
Aim: Grinder (lightly wounded, about 40% to evade your +1 spear of venom)
You closely miss Grinder.
Grinder completely resists.
The wall freezes Grinder but does no damage.
Grinder blinks!
Reach: B) +1 spear (venom) {polearm}
Press: ? - help, Dir - move target, f/p - Grinder
Aim: Grinder (lightly wounded, about 40% to evade your +1 spear of venom)
You hit Grinder.
Grinder is poisoned.
Grinder completely resists.
The wall freezes Grinder but does no damage.
Grinder blinks! ๐Ÿ˜• HP[+1] ๐Ÿ˜• HP[+1] ๐Ÿ˜Ž HP[+1]
Your hp is fully restored (26).
Reach: B) +1 spear (venom) {polearm}
Press: ? - help, Dir - move target, f/p - Grinder
Aim: Grinder (moderately wounded, very poisoned, about 40% to evade your +1 spear of venom)
You reach to attack!
You hit Grinder.
The frozen ramparts melt away. ๐Ÿ˜Ž MP[+1] Reach: B) +1 spear (venom) {polearm}
Press: ? - help, Dir - move target, f/p - Grinder
Aim: Grinder (moderately wounded, very poisoned, about 40% to evade your +1 spear of venom)
You closely miss Grinder.
Grinder blinks!
Casting: Frozen Ramparts (quite dangerous; 7% risk of failure)
Confirm with . or Enter, or press ? or * to list all spells.
The spell is quite dangerous to miscast (7% risk of failure)!
Continue anyway?
Casting: Frozen Ramparts (quite dangerous; 7% risk of failure)
Press: ? - help, Dir - look around, f - activate The walls around you are covered in ice.
Grinder resists.
The wall freezes Grinder.
Grinder misses you. ๐Ÿ˜Ž MP[-3]
You lost 3 mp, and now have 7/11 mp.
Reach: B) +1 spear (venom) {polearm}
Press: ? - help, Dir - move target, f - Grinder
Aim: Grinder (heavily wounded, poisoned, about 40% to evade your +1 spear of venom)
You hit Grinder. You bite Grinder.
Grinder's magic leaks into the air.
You drain her magic.
You feel invigorated.
Grinder resists.
The wall freezes Grinder.
Grinder hits you but does no damage. ๐Ÿ˜Ž MP[+3]
You regained 3 mp, and now have 10/11 mp.
Reach: B) +1 spear (venom) {polearm}
Press: ? - help, Dir - move target, f/p - Grinder
Aim: Grinder (heavily wounded, poisoned, magic disrupted, about 40% to evade your +1 spear of venom)
You hit Grinder.
Grinder looks even sicker.
You bite Grinder, but do no damage.
Grinder completely resists.
The wall freezes Grinder but does no damage.
Grinder gestures at you. Pain shoots through your body!
Grinder completely resists.
The wall freezes Grinder but does no damage.
Grinder hits you. ๐Ÿ˜ฎ HP[-12] MP[-5]
You take 12 damage, and now have 14/26 hp.
MASSIVE DAMAGE!! (PAUSE)
You lost 5 mp, and now have 5/11 mp.
Reach: B) +1 spear (venom) {polearm}
Press: ? - help, Dir - move target, f/p - Grinder
Aim: Grinder (severely wounded, very poisoned, magic disrupted, about 40% to evade your +1 spear of venom)
You closely miss Grinder.
Grinder's magic is no longer disrupted.
Grinder completely resists.
The wall freezes Grinder but does no damage.
Grinder hits you!
* * * LOW HITPOINT WARNING * * *
You writhe in agony.
* * * LOW HITPOINT WARNING * * *
๐Ÿ˜ฑ HP[-9] MP[-3]
You take 9 damage, and now have 5/26 hp.
MASSIVE DAMAGE!! (PAUSE)
You lost 3 mp, and now have 2/11 mp.
Reach: B) +1 spear (venom) {polearm}
Press: ? - help, Dir - move target, f/p - Grinder
Aim: Grinder (severely wounded, very poisoned, about 40% to evade your +1 spear of venom)
You hit Grinder.
Grinder looks as sick as possible!
Grinder completely resists.
The wall freezes Grinder but does no damage.
Grinder hits you!
You die...

Skill      XL: |  1  2  3  4  5 |
---------------+----------------+-----
Fighting       | 1 2 |  2.2
Dodging        | 2 |  2.6
Spellcasting   | 3 |  3.3
Stealth        | |  2.4
Ice Magic      | |  4.8

Action                   |  1- 3 |  4- 6 || total
-------------------------+-------+-------++-------
Melee: Unarmed           |     3 |       ||     3
       Short sword       |    59 |    50 ||   109
       Bite              |    11 |     8 ||    19
       Spear             |       |    16 ||    16
 Cast: Freeze            |    30 |     5 ||    35
       Frozen Ramparts   |     1 |     2 ||     3
 Stab: Sleeping          |     4 |     3 ||     7
Armor: Robe              |    19 |     2 ||    21
Dodge: Dodged            |    39 |    40 ||    79

Levels and vault maps discovered:
D:1:      matt_arrival_spirals, layout_basic, ebering_ecumenical_altar_rust,
          solitary_fountain
D:2:      layout_rooms, serial_bayou_lagoon_a
D:3:      layout_basic, mainiacjoe_overflow_cross_hatched,
          mainiacjoe_overflow_alcove_1, minmay_misc_feat_four_crosses,
          uniq_grinder, uniq_crazy_yiuf_cottage

Notes
Turn   | Place    | Note
-------+----------+-------------------------------------------
     0 | D:1      | mcwallace the Vine Stalker Ice Elementalist began the quest
                  | for the Orb.
     0 | D:1      | Reached XP level 1. HP: 9/9 MP: 4/4
     0 | D:1      | magus.rc [v1.9.6]
    44 | D:1      | You add the spells Gell's Gravitas, Teleport Other and
                  | Dispersal to your library.
   389 | D:1      | Reached XP level 2. HP: 10/14 MP: 0/6
   627 | D:1      | Reached skill level 1 in Fighting
   627 | D:1      | Reached XP level 3. HP: 7/18 MP: 0/7
   633 | D:1      | HP: 3/18 [goblin/+0 dagger (3)]
   887 | D:1      | Learned a level 3 spell: Frozen Ramparts
   917 | D:1      | Reached skill level 2 in Dodging
   982 | D:1      | Found a faded altar of an unknown god.
  1699 | D:2      | Gained mutation: Your natural rate of healing is unusually
                  | fast. [Vine Stalker growth]
  1699 | D:2      | Reached XP level 4. HP: 18/22 MP: 7/9
  1910 | D:2      | Reached skill level 3 in Spellcasting
  1917 | D:2      | Reached XP level 5. HP: 21/26 MP: 5/10
  1924 | D:2      | Reached skill level 2 in Fighting
  2483 | D:3      | Found a shimmering altar of Xom.
  2537 | D:3      | HP: 5/26 [poisoned by a gnoll]
  2541 | D:3      | HP: 1/26 [poisoned by a gnoll]
  2587 | D:3      | Found a sparkling altar of Nemelex Xobeh.
  2714 | D:3      | Found a runed translucent door.
  2715 | D:3      | Noticed Crazy Yiuf
  2783 | D:3      | Noticed Grinder
  2807 | D:3      | HP: 5/26 [Grinder (3)]
  2808 | D:3      | Slain by Grinder

Vanquished Creatures
  An orc priest (D:2)
  An orc wizard (D:2)
  2 adders (D:2)
  3 gnolls (D:3)
  3 worms (D:2)
  A dart slug (D:1)
  3 orcs (D:2)
  6 ball pythons
  7 endoplasms
  A giant cockroach (D:1)
  6 goblins
  2 hobgoblins
  11 jackals
  7 kobolds
  3 quokkas
  5 bats
  4 frilled lizards
  2 rats
68 creatures vanquished.

Table legend:
 A = Non-vault XP
 B = Vault XP
 C = Vault XP percentage of total XP
 D = Non-vault monster count
 E = Vault monster count
 F = Vault count percentage of total count
                 A         B        C        D         E       F
            +---------+---------+-------+---------+---------+-------
      Total |     269 |       0 |   0.0 |      68 |       0 |   0.0
            +---------+---------+-------+---------+---------+-------
        D:1 |      56 |       0 |   0.0 |      30 |       0 |   0.0
        D:2 |     155 |       0 |   0.0 |      26 |       0 |   0.0
        D:3 |      58 |       0 |   0.0 |      12 |       0 |   0.0
            +---------+---------+-------+---------+---------+-------

Illustrated notes

Table legend:
 A = Kills in this place as a percentage of kills in entire the game.
 B = Kills by you in this place as a percentage of kills by you in the entire game.
 C = Kills by friends in this place as a percentage of kills by friends in the entire game.
 D = Other kills in this place as a percentage of other kills in the entire game.
 E = Experience gained in this place as a percentage of experience gained in the entire game.
 F = Experience gained in this place divided by the number of levels of this place that you have seen.
                   A       B       C       D       E      F
               +-------+-------+-------+-------+-------+----------------------
         Total | 100.0 | 100.0 |   N/A |   N/A | 100.0 |  89.7
       Dungeon | 100.0 | 100.0 |   N/A |   N/A | 100.0 |  89.7
               +-------+-------+-------+-------+-------+----------------------

Table legend: (Time is in decaauts)
 A = Elapsed time spent in this place.
 B = Non-inter-level travel time spent in this place.
 C = Inter-level travel time spent in this place.
 D = Time resting spent in this place.
 E = Time spent auto-exploring this place.
 F = Levels seen in this place.
 G = Mean time per level.
                   A        B        C        D        E       F      G
               +--------+--------+--------+--------+--------+-----+--------+
         Total |   2838 |   2709 |    129 |    276 |   1955 |   3 |  946.0 |
       Dungeon |   2838 |   2709 |    129 |    276 |   1955 |   3 |  946.0 |
               +--------+--------+--------+--------+--------+-----+--------+

Top non-repeatable levels by time:
     D:1: 1596 daAuts
     D:2: 857 daAuts
     D:3: 384 daAuts
